 Dungeon Crawl Stone Soup version 0.27.1-33-g824d729ab1 (webtiles) character file.

Game seed: 9854308388643981240

76 styxcanada the Sneak (level 4, 0/23 HPs)
             Began as a Spriggan Brigand on Dec 10, 2021.
             Was an Initiate of Gozag.
             Slain by Purgy (2 damage)
             ... in a sewer.
             The game lasted 00:08:58 (2190 turns).

styxcanada the Sneak (Spriggan Brigand)             Turns: 2190, Time: 00:09:08

Health: 0/23       AC:  7    Str:  6 (7)  XL:     4   Next: 12%
Magic:  5/5        EV: 14    Int:  9 (12) God:    Gozag
Gold:   236        SH:  0    Dex: 15 (17) Spells: 3/4 levels left

rFire    . . .     SeeInvis +   a - +2 dagger
rCold    . . .     Faith    .   (shield restricted)
rNeg     . . .     Spirit   .   b - +0 robe
rPois    .         Reflect  .   (helmet restricted)
rElec    .         Harm     .   c - +0 cloak
rCorr    .         Rampage  .   (gloves unavailable)
Will     .....                  (boots unavailable)
Stlth    ++++......             (no amulet)
HPRegen  0.07/turn              o - +4 ring of protection
MPRegen  0.09/turn              (no ring)

@: brilliant, constricted, studying Dodging, very quick
A: very small, no large weapons, unfitting armour, see invisible, speed 3
a: Renounce Religion, Potion Petition, Call Merchant, Bribe Branch


You were in a sewer.
You worshipped Gozag.
Gozag was aware of your devotion.
You visited 1 branch of the dungeon, and saw 3 of its levels.
You also visited: Sewer.

You collected 263 gold pieces.
You paid 27 gold pieces to Gozag.

Inventory:

Hand Weapons
 a - a +2 dagger (weapon)
Missiles
 d - 6 poisoned darts (quivered)
 e - 2 curare-tipped darts
 i - 16 sling bullets
 l - 2 atropa-tipped darts
 n - 42 stones
Armour
 b - a +0 robe (worn)
 c - a +0 cloak (worn)
Jewellery
 o - a +4 ring of protection (left hand)
Wands
 m - a wand of iceblast (14)
Scrolls
 p - a scroll of teleportation {unknown}
 q - a scroll of summoning {unknown}
 r - a scroll of magic mapping {unknown}
 s - a scroll of enchant weapon {unknown}
Potions
 k - a potion of lignification {unknown}
 t - a potion of haste {unknown}


   Skills:
 * Level 1.9 Fighting
 + Level 2.3 Short Blades
 + Level 2.0 Throwing
 * Level 2.6 Dodging
 * Level 7.4 Stealth
 * Level 0.6 Spellcasting
 * Level 0.4 Conjurations
 * Level 0.2 Evocations


You had 3 spell levels left.
You knew the following spells:

 Your Spells              Type           Power      Damage    Failure   Level
a - Magic Dart            Conj           4%         1d3       32%         1

Your spell library contained the following spells:

 Spells                   Type           Power      Damage    Failure   Level
 Searing Ray              Conj           2%         3d3       43%         2
 Gell's Gravitas          Tloc           0%         N/A       75%         3
 Lesser Beckoning         Tloc           0%         N/A       75%         3
 Teleport Other           Tloc           0%         N/A       75%         3
 Fulminant Prism          Conj/Hex       0%         3d6       98%         4
 Petrify                  Tmut/Erth      0%         N/A       98%         4
 Metabolic Englaciation   Hex/Ice        0%         N/A       100%        5
 Statue Form              Tmut/Erth      0%         N/A       100%        6


Dungeon Overview and Level Annotations

Branches:
Dungeon (3/15)              Sewer (1/1)

Altars:
Gozag

Annotations:
Sewer Purgy


Innate Abilities, Weirdness & Mutations

You are very small and have problems with some larger weapons.
You are too small for most types of armour.
You have supernaturally acute eyesight. (SInv)
You cover ground extremely quickly. (Speed+++)


Message History

Purgy is lightly wounded.
The ball python completely misses you. x2; Purgy misses you.
Purgy completely misses you. Purgy barely misses you.
The ball python closely misses you. The ball python completely misses you.
You hit Purgy.
Purgy is lightly wounded.
Purgy misses you. Purgy claws you but does no damage. x2
The ball python bites you but does no damage.
The ball python grabs you. The ball python constricts you.
You hit Purgy but do no damage.
Purgy is lightly wounded.
Purgy bites you. Purgy barely misses you. Purgy misses you.
The ball python completely misses you. The ball python constricts you.
You hit Purgy.
Purgy is lightly wounded.
The frilled lizard bites you but does no damage.
Purgy bites you. Purgy claws you but does no damage. x2
The ball python completely misses you. The ball python constricts you.
You hit Purgy but do no damage.
Purgy is lightly wounded.
The frilled lizard misses you. Purgy misses you.
Purgy claws you but does no damage. Purgy claws you.
* * * LOW HITPOINT WARNING * * *
The ball python misses you. The ball python constricts you.
* * * LOW HITPOINT WARNING * * *
It was a potion of degeneration.
There was something very wrong with that liquid.
You feel weakened.
You feel dopey.
You feel clumsy. The ball python closely misses you.
The ball python constricts you. The frilled lizard barely misses you.
Purgy closely misses you. Purgy misses you. x2
It was a potion of brilliance.
You feel clever all of a sudden. The ball python bites you.
* * * LOW HITPOINT WARNING * * *
The ball python constricts you.
The frilled lizard bites you but does no damage.
Purgy bites you.
You die...
Your body crumbles into a pile of gold.

≈≈#≈≈#≈##≈≈≈≈≈##
###≈≈≈≈≈≈≈≈≈≈≈≈≈≈≈≈≈≈
#≈≈≈≈≈≈≈≈≈≈≈≈≈≈≈≈≈≈≈###
##≈≈≈≈≈≈≈≈≈≈≈≈≈≈≈≈≈≈≈≈≈#
#≈≈≈≈≈≈≈≈≈≈≈≈≈≈≈≈≈≈≈≈≈≈≈
#≈≈≈≈≈≈≈≈≈≈≈≈≈≈≈≈≈≈≈≈≈≈≈
≈≈≈≈≈≈≈≈≈≈≈≈≈≈≈≈≈≈≈≈≈≈≈≈
≈≈≈≈≈≈≈≈≈≈≈≈≈≈≈≈≈≈≈≈≈≈≈≈
≈≈≈≈≈≈l@T.≈≈≈.#≈≈≈≈≈≈≈≈≈
≈≈≈≈≈≈S###≈#####.≈≈≈≈≈≈≈
≈≈≈≈≈.# #≈# #.#≈≈≈≈≈≈
≈≈≈≈≈# #.# ###≈≈≈≈≈≈
≈≈≈.# #.# #.≈≈≈≈≈ ≈≈≈≈
#≈# ##≈≈≈≈≈ ≈≈≈ #≈#
##.≈≈≈ ≈≈ #≈# #≈≈≈≈ ?≈?
##≈≈≈


You could see Purgy, a ball python and a frilled lizard.

Vanquished Creatures
  An adder (D:2)
  A river rat (D:3)
  A worm (D:2)
  2 dart slugs
  10 ball pythons
  8 bats
  4 endoplasms
  2 giant cockroaches
  4 goblins
  2 hobgoblins
  6 kobolds
  2 quokkas
  3 frilled lizards
  4 rats (D:1)
50 creatures vanquished.

Notes
Turn   | Place    | Note
-------+----------+-------------------------------------------
     0 | D:1      | styxcanada the Spriggan Brigand began the quest for the
                  | Orb.
     0 | D:1      | Reached XP level 1. HP: 10/10 MP: 2/2
    39 | D:1      | Reached skill level 6 in Stealth
   139 | D:1      | Reached XP level 2. HP: 15/15 MP: 3/3
   608 | D:1      | Learned a level 1 spell: Magic Dart
  1041 | D:1      | Reached skill level 7 in Stealth
  1041 | D:1      | Reached XP level 3. HP: 18/18 MP: 4/4
  1207 | D:2      | Found an opulent altar of Gozag.
  1229 | D:2      | Became a worshipper of Gozag Ym Sagoz the Greedy
  1697 | D:2      | Identified a scroll of acquirement
  1697 | D:2      | Acquired a manual of Dodging
  2095 | D:3      | Reached XP level 4. HP: 21/23 MP: 5/5
  2097 | D:3      | Found a glowing drain.
  2129 | Sewer    | Entered a sewer
  2169 | Sewer    | Noticed Purgy
  2190 | Sewer    | Slain by Purgy

Illustrated notes

Levels and vault maps discovered:
D:1:      kennysheep_arrival_seaside, layout_rooms, minivault_5, minivault_5
D:2:      layout_rooms, basic_altar, st_stairs_13
D:3:      layout_loops_cross, nemelex_spade_bored_becter,
          mainiacjoe_overflow_brackets, ebering_ecumenical_altar_rust,
          cheibrodos_sewer_entry_sluice
Sewer:    sewer_co_purgy_island

Skill      XL: |  1  2  3 |
---------------+----------+-----
Stealth        | 6 7 |  7.4
Dodging        | 2 |  2.6
Fighting       | |  1.9
Short Blades   | |  2.3
Throwing       | |  2.0
Spellcasting   | |  0.6
Conjurations   | |  0.4
Evocations     | |  0.2

Action                   |  1- 3 |  4- 6 || total
-------------------------+-------+-------++-------
Melee: Dagger            |   161 |    26 ||   187
Throw: Dart              |    15 |       ||    15
 Cast: Magic Dart        |       |     1 ||     1
  Use: Scroll            |     2 |       ||     2
       Potion            |       |     2 ||     2
 Stab: Sleeping          |    11 |     2 ||    13
Armor: Robe              |    43 |    19 ||    62
Dodge: Dodged            |   123 |    46 ||   169
